← All builds
Tech / Armada / Economy first / OBSERVED BUILD

Standard tech

Armada Tech (Eco) build order · Supreme Isthmus

Rushes T2 by 4:15, gets Advanced Metal Extractor around 5:28, hands off T2 constructors to Geo and the team, then scales eco and supplies the team's T2 needs through the rest of the game.

Usually first T2 con to Geo (83%)

#eco #t2 #team support · 1648 distinct matches · 258 players · 60% of Armada Tech games · team won 54% of 1962 · Recently observed

HOW TO PLAY IT

Key timing: T2 factory by 4:15

  1. Open 3 mex and heavy wind to fund a fast T2 rush.
  2. Put down Bot Lab, planning to eat it for reclaim soon after.
  3. Get Advanced Bot Lab up, hitting the T2 factory rush timing.
  4. Upgrade mex to Advanced Metal Extractor to lock in team metal income.
  5. Eat Advanced Bot Lab and keep sending cons to Geo and Pond.

Phase by phase

TYPICAL OF ITS 1648 GAMES
  1. 1
  2. 2
  3. 3
  4. 4
PLAY THE OPENING

Follow the example game's first 6:00 step by step: what to build now, what comes next, and where it goes. At 1× it keeps pace with your own game.

  1. 1

    Up to the Bot Lab

    Economy
    • Metal Extractor3Mex
    • Wind Turbine4Wind
    Order
    1. Bot LabBot Lab after 3 mex, 4 winddone ~1:18, middle half 1:13–1:32

    Some games also: energy storage (32%)

    By 1:01 in all: 3 mex · 4 wind

    The example game in this phase · 3 steps
    1. Mex ×3
    2. Wind ×3
    3. Bot LabBot Labdone 1:11 · typical 1:18
  2. 2

    Bot Lab to Advanced Bot Lab

    Economy
    • Metal Extractor1Mex
    • Wind Turbine8Wind
    • Energy Storage1Energy storage
    Order
    1. Advanced Bot LabAdvanced Bot Lab after 4 mex, 12 wind, 3 con turretdone ~4:16, middle half 4:04–4:30
    Builders
    • Construction Turret3 Con turret
    • Lazarus3 Lazarus
    • Construction Bot2 Con bot
    • Construction Bot1 Con bot for allies

    Some games also: converter (36%)

    By 3:18 in all: 4 mex · 12 wind · 1 energy storage · 3 con turret

    The example game in this phase · 11 steps
    1. Construction BotCon bot
    2. Wind ×3
    3. LazarusLazarus ×2
    4. Energy storage
    5. Mex
    6. LazarusLazarus
    7. Construction BotCon bot
    8. Con turret
    9. Wind
    10. Con turret
    11. Advanced Bot LabAdvanced Bot Labdone 3:48 · typical 4:16
  3. 3

    Advanced Bot Lab to 5:00

    Economy
    • Wind Turbine3Wind
    Order
    1. Bot LabEat Bot Lab
    Builders
    • Advanced Construction Bot1 T2 con bot for allies

    Some games also: converter (35%)

    By 5:00 in all: 4 mex · 15 wind · 1 converter · 1 energy storage · 3 con turret

    The example game in this phase · 11 steps
    1. Wind
    2. Bot LabEat Bot Labreclaimed for its metal
    3. Wind ×2
    4. Advanced Construction BotT2 con botfor Geo
    5. Wind
    6. Advanced Metal ExtractorT2 mexdone 4:51 · typical 5:28
    7. Wind
    8. Advanced Metal ExtractorT2 mex
    9. Wind
    10. Advanced Construction BotT2 con botfor Air
    11. Wind
  4. 4

    5:00 to 10:00

    Economy
    • Wind Turbine43Wind
    • Energy Converter6Converter
    Builders
    • Butler9 Butler
    • Advanced Construction Bot4 T2 con bot for allies
    • Advanced Construction Bot1 T2 con bot

    Some games also: con turret (43%) · Butler for allies (37%)

    By 10:00 in all: 4 mex · 58 wind · 8 converter · 1 energy storage · 3 con turret

    The example game in this phase · 175 steps
    1. Wind
    2. Advanced Metal ExtractorT2 mex
    3. Wind
    4. Advanced Construction BotT2 con bot
    5. GunslingerGunslingerdone 6:18
    6. Wind
    7. Advanced Construction BotT2 con botfor Pond
    8. Wind
    9. Converter ×4
    10. Advanced Construction BotT2 con botfor Geo sea
    11. Converter
    12. Advanced Metal ExtractorT2 mex
    13. Converter ×2
    14. Advanced Construction BotT2 con botfor Beach sea
    15. Converter ×2
    16. Advanced Construction BotT2 con bot
    17. Con turret ×2
    18. ButlerButler
    19. Con turret
    20. CitadelAnti-nukedone 11:51
    21. ButlerButler ×2
    22. GunslingerGunslinger
    23. ButlerButler
    24. Wind ×2
    25. ButlerButler
    26. Wind ×2
    27. ButlerButler
    28. Wind ×3
    29. ButlerButler
    30. Wind ×2
    31. ButlerButler
    32. Wind ×3
    33. ButlerButler
    34. Wind
    35. Con turret
    36. Wind ×2
    37. ButlerButler
    38. Wind
    39. ButlerButler
    40. Wind ×2
    41. ButlerButler
    42. Wind ×3
    43. ButlerButler
    44. Wind ×3
    45. ButlerButler
    46. Wind ×4
    47. ButlerButler
    48. Wind ×4
    49. ButlerButler
    50. Converter
    51. Wind ×16
    52. Converter
    53. Metal storage
    54. Wind ×13
    55. Converter
    56. Wind ×15
    57. Converter
    58. Wind ×16
    59. ButlerButler
    60. Converter
    61. ButlerButler ×3
    62. Converter
    63. ButlerButler
    64. Wind ×3
    65. Fusion ReactorFusiondone 13:07
    66. Wind ×2
    67. Converter
    68. Wind
    69. Converter ×2
    70. Wind
    71. Converter ×2
    72. Wind
    73. Converter
    74. Wind
    75. Converter
    76. Wind ×5
    77. Converter
    78. Wind ×4
    79. Converter
    80. Wind ×3
    81. Converter
    82. Wind ×4
    83. Converter
    84. Wind ×2
    85. Advanced Bot LabEat Advanced Bot Labreclaimed for its metal
    86. Converter
    87. Wind ×6
    88. Converter
    89. Wind ×4
    90. Converter
    91. Wind ×5
    92. Converter
    93. Wind ×2
    94. Converter
    95. Wind ×7
    96. Converter
    97. Wind
    98. Converter
    99. Wind ×8
    100. Converter
    101. Wind ×2
    102. Converter
    103. Wind ×5
    104. Converter
    105. Wind ×5
    106. Converter
    107. Wind ×3
    108. Experimental GantryExperimental Gantrynot finished by 15:00
    109. Wind
    110. Converter
    111. Wind
    112. Con turret
    113. Wind ×2
    114. Converter
    115. Wind ×3
    116. Con turret
    117. Wind
    118. Converter
    119. Wind ×3
    120. Con turret
    121. Wind ×3
    122. Converter
    123. Con turret
    124. Wind ×2
    125. Converter
    126. Con turret
    127. Wind ×5
    128. Converter
    129. Con turret
    130. Wind ×2
    131. Converter
    132. Wind ×5
    133. Con turret
    134. Wind ×2
    135. Converter ×2
    136. Con turret ×2
    137. Wind
    138. T2 converter
    139. Wind
    140. Converter
    141. Wind
    142. Converter
    143. Con turret
    144. Wind
    145. Con turret ×2
    146. Converter ×2
    147. Wind ×4
    148. Con turret
    149. Wind
    150. Converter ×2
    151. Con turret
    152. Wind
    153. Con turret
    154. Wind ×2
    155. Con turret
    156. Converter ×2
    157. Wind ×2
    158. Con turret
    159. Wind
    160. Converter ×2
    161. Con turret ×2
    162. Wind ×2
    163. Converter
    164. Wind
    165. Converter
    166. Con turret
    167. Wind ×2
    168. Con turret
    169. Wind
    170. Converter ×2
    171. Wind ×3
    172. Con turret
    173. Converter
    174. Wind ×2
    175. Converter

Counts are medians over the build's games: half of them build more, half fewer. The example game is [CC]CupOfCoffee's (30 OS, 18/09/2026); pick another.

Team trades

IN AT LEAST 30% OF ITS GAMES

You hand over

  • Construction Bot1 Con bot to Airfirst at 2:23 · in 84% of games
  • Advanced Construction Bot5 T2 con bot to Air or Geo sea or Pondfirst at 4:51 · in 99% of games
  • Butler2 Butler to Geo sea or Beach sea or Pondfirst at 9:06 · in 42% of games

You get

  • Hercules1 Light transport from Airfirst at 4:01 · in 86% of games

How it plays out

Typical game of this build, running totals by minute

Metal produced

020k40k
0:005:0010:0015:00

metal

Enemy metal destroyed

050100150
0:005:0010:0015:00

metal

Own metal lost

050100150
0:005:0010:0015:00

metal

1962 games.

Show as table
ByMetal produced: This buildEnemy metal destroyed: This buildOwn metal lost: This build
1:0038300
2:0091500
3:00165300
4:00314400
5:00484700
6:00580300
7:00723000
8:00906800
9:001119100
10:001353100
11:001624500
12:001967300
13:002346100
14:0027346074
15:0031538105130
WHAT THE NUMBERS SAY

Standard Tech play barely fights at all early, instead pouring metal into T2 infrastructure and constructors for the team.

  • + Metal produced hits 31679 by 15:00, by far the highest of any role here.
  • + T2 factory reached in 97% of games by 4:15, fastest and most reliable T2 timing.
  • − Enemy metal destroyed stays at 0 through 10:00, no early offense at all.
  • − Own metal lost also near 0, showing total avoidance of combat risk.
THE EXAMPLE YOU ARE READING

[CC]CupOfCoffee

30.0 OS · 18/09/2026

Open source match ↗

4 received units
1774 metal received · 90126 energy received

Allied construction assistance is unknown. Timings are observations, not a promise of solo reproducibility.

Typical milestones

Bot Lab1:18Middle 50%: 1:13–1:32 · n=1962
Advanced Bot Lab4:16Middle 50%: 4:04–4:30 · n=1955
Advanced Metal Extractor5:28Middle 50%: 5:05–5:59 · n=1958

Played most by

Amrissa95games of this buildTheGeneraI70games of this buildAdeus57games of this buildEl_Turco56games of this buildKOT_45games of this build